 Dungeon Crawl Stone Soup version 0.24.0-123-gd5b16e6ec5 (webtiles) character file.

Game seed: 5869801195102221849, levelgen mode: deterministic

414 Norian the Conjurer (level 6, -10/72 HPs)
             Began as a Deep Elf Conjurer on Dec 24, 2019.
             Killed by divine providence
             ... invoked by an orc priest
              (13 damage)
             ... on level 4 of the Dungeon.
             The game lasted 00:05:51 (3581 turns).

Norian the Conjurer (Deep Elf Conjurer)             Turns: 3581, Time: 00:05:52

Health: -10/72     AC: 23    Str: 10 (12) XL:     6   Next: 60%
Magic:  2/17       EV:  2    Int: 19 (20) God:
Gold:   120        SH:  0    Dex: 18 (20) Spells: 8/17 levels left

rFire    . . .     SeeInvis .   s - +2 quarterstaff (chaos)
rCold    . . .     Gourm    .   (shield currently unavailable)
rNeg     + + +     Faith    .   (armour currently unavailable)
rPois    +         Spirit   .   (helmet currently unavailable)
rElec    .         Reflect  .   (cloak currently unavailable)
rCorr    .         Harm     .   (gloves currently unavailable)
MR       .....     NoTele   +   (boots currently unavailable)
Stlth    ..........             (no amulet)
HPRegen  0.22/turn              d - +5 ring of dexterity
MPRegen  0.15/turn              (no ring)

@: berserking, tree-form, very quick
A: no striking features
a: no special abilities


You were on level 4 of the Dungeon.
You were hungry.
You were a tree.
You visited 1 branch of the dungeon, and saw 4 of its levels.

You collected 120 gold pieces.

Inventory:

Hand Weapons
 s - a +2 quarterstaff of chaos (weapon)
Armour
 a - a +0 robe (melded)
 b - a scarf of repulsion
 m - a +0 helmet (melded)
 q - a cursed +0 ring mail
 t - a +1 cloak (melded)
Jewellery
 d - a +5 ring of dexterity (left branch)
Wands
 r - a wand of random effects (3)
Scrolls
 f - a scroll of fear {unknown}
 g - a scroll of immolation {unknown}
 h - 2 scrolls of identify {unknown}
 i - 2 scrolls of fog {unknown}
 n - a scroll of noise {unknown}
 o - a scroll of enchant armour {unknown}
 p - a scroll of remove curse {unknown}
 v - a scroll of amnesia {unknown}
Potions
 e - a potion of degeneration
 k - a potion of ambrosia {unknown}
 u - a potion of lignification
 w - a potion of haste {unknown}
Miscellaneous
 x - a sack of spiders
Comestibles
 c - 8 rations


   Skills:
 - Level 2.4 Dodging
 - Level 2.4 Stealth
 + Level 6.3 Spellcasting
 + Level 6.4 Conjurations
 + Level 4.0 Hexes


You had 8 spell levels left.
You knew the following spells:

 Your Spells              Type           Power        Failure   Level  Hunger
a - Magic Dart            Conj           ####         1%          1    None
b - Iskenderun's Mystic   Conj           ####....     8%          4    ####...
c - Fulminant Prism       Conj/Hex       ####......   13%         4    ####...

Your spell library contained the following spells:

 Spells                   Type           Power        Failure   Level  Hunger
 Searing Ray              Conj           ####..       1%          2    None
 Slow                     Hex            ###.....     3%          2    None
 Dazzling Spray           Conj/Hex       ####..       3%          3    ##.....
 Conjure Flame            Conj/Fire      ###.....     9%          3    ##.....
 Mephitic Cloud           Conj/Pois/Air  ##......     14%         3    ##.....
 Blink                    Tloc           N/A          17%         2    None
 Call Imp                 Summ           #.......     17%         2    None
 Force Lance              Conj/Tloc      ###.....     28%         4    ####...


Dungeon Overview and Level Annotations

Branches:
Dungeon (4/15)
 Temple: D:4-7

Altars:
Ru


Message History

The worker ant barely misses you.
The orc priest invokes the aid of Beogh against you.
Beogh smites you!
* * * LOW HITPOINT WARNING * * *
The worker ant closely misses you.
It was a potion of lignification.
You turn into a tree.
Your +1 cloak melds into your body.
Your +0 helmet melds into your body.
Your +0 robe melds into your body.
Your roots penetrate the ground.
The worker ant bites you but does no damage.
It was a potion of berserk rage.
A red film seems to cover your vision as you go berserk!
You feel yourself moving faster!
You feel mighty!
The worker ant bites you but does no damage.
You are too berserk!
You sock the worker ant!
You kill the worker ant!
Your Hexes skill increases to level 4!
The orc priest calls down the wrath of Beogh upon you.
Beogh smites you!
You die...

.. #.# #.....###.###.#.#.
#.## #.###.........###.#...
..........................
#).#..#.###.........###<#.#.
#...o.)o....................
#o#####...###.###.#.#+ #.#
#...# #.# #.#...
#o###########.# # #...
#.(o.♣........# #...
#######..####### #...
##...###.###...## #...
#.....##'##.....# #...
#...............# #.#.
#.....#####.....# #...
##...##...##...## #...
##.##.....##.## ##..
#.#.......#.# #...


You could see 2 orc priests.

Vanquished Creatures
  A jelly (D:4)
  2 orc priests (D:3)
  Crazy Yiuf (D:3)
  2 worker ants (D:4)
  An orc wizard (D:4)
  Robin (D:3)
  6 adders
  2 oozes (D:2)
  4 worms
  3 dart slugs
  A leopard gecko (D:2)
  7 orcs (D:3)
  8 bats
  6 giant cockroaches
  24 goblins
  17 hobgoblins
  10 jackals
  A quokka (D:4)
  2 ball pythons
  4 frilled lizards
  10 kobolds
  9 rats
122 creatures vanquished.

Notes
Turn   | Place    | Note
-------+----------+-------------------------------------------
     0 | D:1      | Norian the Deep Elf Conjurer began the quest for the Orb.
     0 | D:1      | Reached XP level 1. HP: 10/10 MP: 6/6
   213 | D:1      | Reached XP level 2. HP: 15/15 MP: 4/8
   603 | D:1      | Reached skill level 5 in Conjurations
   603 | D:1      | Reached XP level 3. HP: 19/19 MP: 4/10
  1399 | D:2      | Reached XP level 4. HP: 24/24 MP: 7/12
  1405 | D:2      | Learned a level 4 spell: Iskenderun's Mystic Blast
  1410 | D:2      | Learned a level 4 spell: Fulminant Prism
  1729 | D:2      | Reached skill level 1 in Hexes
  1857 | D:3      | Noticed Robin
  1860 | D:3      | Reached skill level 5 in Spellcasting
  1863 | D:3      | Killed Robin
  2131 | D:3      | Reached XP level 5. HP: 28/28 MP: 6/14
  2213 | D:3      | Found a sacrificial altar of Ru.
  2480 | D:3      | Found a runed translucent door.
  2481 | D:3      | Noticed Crazy Yiuf
  3170 | D:3      | Killed Crazy Yiuf
  3170 | D:3      | Reached XP level 6. HP: 32/32 MP: 7/16
  3578 | D:4      | HP: 1/32 [orc priest/divine providence (9)]
  3581 | D:4      | Killed from afar by an orc priest

Levels and vault maps discovered:
D:1:      shiori_arrival_elements, layout_basic
D:2:      layout_rooms, minmay_goblin_outpost
D:3:      layout_loops_ring, first_ration, hangedman_ru_absence,
          uniq_crazy_yiuf_cottage, uniq_robin
D:4:      minmay_octagon_keep, layout_basic

Skill      XL: |  1  2  3  4  5  6 |
---------------+-------------------+-----
Spellcasting   | 4 5 6 |  6.3
Conjurations   | 5 6 |  6.4
Hexes          | 1 3 4 |  4.0
Dodging        | |  2.4
Stealth        | |  2.4

Action                   |  1- 3 |  4- 6 || total
-------------------------+-------+-------++-------
Melee: Unarmed           |     1 |       ||     1
       Club              |       |     5 ||     5
       Quarterstaff      |       |     2 ||     2
 Cast: Magic Dart        |    88 |   160 ||   248
       Iskenderun's Myst |       |     8 ||     8
  Use: Potion            |       |     3 ||     3
  Eat: Chunk             |     1 |     7 ||     8
Armor: Robe              |     2 |     4 ||     6
       Skin              |       |     2 ||     2
Dodge: Dodged            |    11 |    21 ||    32
       Deflected         |     3 |     1 ||     4
